 Dungeon Crawl Stone Soup version 0.30.1-9-gdf580d7c3d (webtiles) character file.

Game seed: 13171485654592008086

389 Zalbag the Poker (level 6, 0/51 HPs)
             Began as a Minotaur Gladiator on Oct 16, 2023.
             Slain by Blork the orc
             ... wielding a +0 hand axe
              (2 damage)
             ... on level 4 of the Dungeon.
             The game lasted 00:05:04 (2922 turns).

Zalbag the Poker (Minotaur Gladiator)               Turns: 2922, Time: 00:05:05

Health: 0/51       AC:  3    Str: 20    XL:     6   Next: 49%
Magic:  5/5        EV: 13    Int:  5    God:
Gold:   94         SH:  0    Dex: 12    Spells: 5/5 levels left

rFire   . . .        a - +0 trident
rCold   . . .        (no shield)
rNeg    . . .        b - +0 leather armour
rPois   .            c - +0 hat
rElec   .            (no cloak)
rCorr   .            (no gloves)
SInv    .            (no boots)
Will    .....        (no amulet)
Stlth   +            (no ring)
HPRegen 0.28/turn    (no ring)
MPRegen 0.09/turn

%: no passive effects
@: no status effects
A: horns 2, retaliatory headbutt
a: no special abilities


You were on level 4 of the Dungeon.
You visited 1 branch of the dungeon, and saw 4 of its levels.
You also visited: Sewer.

You collected 94 gold pieces.

Inventory:

Hand Weapons
 a - a +0 trident (weapon)
 s - a +2 short sword of protection
Missiles
 d - 2 throwing nets (quivered)
 e - a javelin
 v - 10 poisoned darts
Armour
 b - a +0 leather armour (worn)
 c - a +0 hat (worn)
 j - a +0 ring mail
Jewellery
 g - a ring of protection from cold
Scrolls
 f - 2 scrolls of noise {unknown}
 h - 3 scrolls of teleportation {unknown}
 i - a scroll of blinking {unknown}
 n - a scroll of poison {unknown}
 q - a scroll of silence {unknown}
 t - a scroll of vulnerability {unknown}
 w - a scroll of enchant weapon {unknown}
 x - a scroll of magic mapping {unknown}
 y - a scroll of fear {unknown}
Potions
 k - 2 potions of heal wounds {unknown}
 l - a potion of berserk rage {unknown}
 m - 2 potions of curing {unknown}
 o - a potion of ambrosia {unknown}
 p - 2 potions of brilliance {unknown}
 r - a potion of lignification {unknown}
 u - a potion of magic {unknown}
 z - 3 potions of degeneration {unknown}
 A - a potion of mutation {unknown}


   Skills:
 + Level 3.5 Fighting
 * Level 7.5 Polearms
 - Level 2.0 Throwing
 - Level 2.0 Armour
 + Level 4.1 Dodging
 - Level 0.5 Stealth


You had 5 spell levels left.
You didn't know any spells.
Your spell library contained the following spells:

 Spells                   Type           Power      Damage    Failure   Level
 Static Discharge         Conj/Air       0%         2-2/arc   67%         2
 Airstrike                Air            0%         2d(0-16)  99%         4
 Summon Lightning Spire   Summ/Air       0%         N/A       99%         4


Dungeon Overview and Level Annotations

Branches:
Dungeon (4/15)              Sewer (visited)
 Temple: D:4-7

Altars:
Okawaru

Annotations:
D:4 Blork the orc


Innate Abilities, Weirdness & Mutations

You have a pair of horns on your head.
You reflexively headbutt those who attack you in melee.


Message History

Blork the orc mumbles some strange words.
Blork the orc seems to speed up.
Throw: 3 throwing nets
Press: ? - help, Q - select action, (/) - cycle Shift-Dir - straight line, f/p - Blork the orc
Aim: Blork the orc, wielding a +0 hand axe, wearing a +2 robe of positive energy and carrying a wand of flame (17) (lightly wounded, fast, very poisoned, 63% to hit)
You throw a throwing net. The throwing net hits Blork the orc.
Blork the orc is caught in the net!
Blork the orc is lightly wounded.
Blork the orc struggles against the net. x2
Okay, then.
You aren't carrying any items that you can evoke.
Unknown command.
You close the door.
Blork the orc breaks down the door.
Blork the orc suddenly jeers.
Blork the orc screams, "I'll cover the dungeon with your blood!"
You see here an adder corpse.
Okay, then.
You closely miss Blork the orc.
Blork the orc is moderately wounded.
Blork the orc gestures at you while chanting.
The puff of frost hits you.
* * * LOW HITPOINT WARNING * * *
You hit Blork the orc. You headbutt Blork the orc!
Blork the orc is almost dead.
Blork the orc hits you with a +0 hand axe.
* * * LOW HITPOINT WARNING * * *
Blork the orc casts a spell at you. The puff of frost hits you.
* * * LOW HITPOINT WARNING * * *
You barely miss Blork the orc. Your headbutt misses Blork the orc.
Blork the orc is almost dead.
Blork the orc barely misses you.
You barely miss Blork the orc.
Blork the orc is almost dead.
Blork the orc looks more healthy.
Blork the orc hits you with a +0 hand axe.
* * * LOW HITPOINT WARNING * * *
Blork the orc hits you with a +0 hand axe.
You die...

#...(# #..###.. #....#
...## #.. ##'## .... #..
#...# ......####). #...#
......#.)... #...# .....
+..... #...# #.....
#...###### #.....
#...o@...+ #.....
#...###### #..... #...#
#...## #...# ###...##
#...# #....... ###...###
#....... #.......#
#.......
#...#...#####+###.......
#...#.#..........#.......


You could see Blork the orc (fast).

Vanquished Creatures
  2 kobold brigands (Sewer)
  Jessica (D:2)
  An iguana (D:4)
  8 adders
  4 river rats (Sewer)
  A worm (D:2)
  A dart slug (D:2)
  An orc (D:4)
  6 endoplasms
  4 giant cockroaches
  10 goblins
  8 hobgoblins
  5 jackals
  6 kobolds
  6 quokkas
  9 frilled lizards
  12 rats
85 creatures vanquished.

Notes
Turn   | Place    | Note
-------+----------+-------------------------------------------
     0 | D:1      | Zalbag the Minotaur Gladiator began the quest for the Orb.
     0 | D:1      | Reached XP level 1. HP: 18/18 MP: 0/0
    91 | D:1      | Reached skill level 4 in Polearms
   252 | D:1      | Reached XP level 2. HP: 25/25 MP: 1/1
   370 | D:1      | You fall into a shaft and drop 1 floor!
   468 | D:2      | Reached skill level 5 in Polearms
   468 | D:2      | Reached XP level 3. HP: 30/30 MP: 2/2
   805 | D:2      | Noticed Jessica
   818 | D:2      | Killed Jessica
   819 | D:2      | Reached skill level 1 in Armour
   819 | D:2      | Reached XP level 4. HP: 26/37 MP: 3/3
   824 | D:2      | Reached skill level 6 in Polearms
  1836 | D:3      | Found a glowing drain.
  1854 | Sewer    | Entered a sewer
  1882 | Sewer    | Reached XP level 5. HP: 37/42 MP: 4/4
  2152 | Sewer    | Reached skill level 7 in Polearms
  2337 | Sewer    | Reached XP level 6. HP: 37/51 MP: 5/5
  2853 | D:4      | Found an iron altar of Okawaru.
  2903 | D:4      | Noticed Blork the orc
  2922 | D:4      | HP: 2/51 [Blork the orc/+0 hand axe (6)]
  2922 | D:4      | Slain by Blork the orc

Illustrated notes

Levels and vault maps discovered:
D:1:      lightli_arrival_noodles, layout_basic, roderic_serpentine_path
D:2:      kennysheep_the_goblin_king, layout_loops_cross, serial_aquarium,
          aquarium_bridge_long_separate [aquarium_subvault_bridge,
          aquarium_subvault_wall, aquarium_subvault_wall,
          aquarium_subvault_bridge, aquarium_subvault_bridge,
          aquarium_subvault_bridge], aquarium_window_1, aquarium_window_1,
          aquarium_window_corridor_2, aquarium_view_4, aquarium_view_2d,
          aquarium_pool_double, uniq_jessica, uniq_terence
D:3:      layout_rooms, gup_sewer_entry_pipe, nicolae_eternal_life, st_stairs_10
D:4:      layout_basic, okawaru_metal_pillars_3, hellmonk_ghost_happy_afterlife,
          minmay_manual_maat, uniq_blork_the_orc

Skill      XL: |  1  2  3  4  5  6 |
---------------+-------------------+-----
Polearms       | 4 5 6 7 |  7.5
Armour         | 1 2 |  2.0
Fighting       | 3 |  3.5
Dodging        | 4 |  4.1
Throwing       | |  2.0
Stealth        | |  0.5

Action                     |  1- 3 |  4- 6 || total
---------------------------+-------+-------++-------
  Melee: Trident           |    52 |   148 ||   200
         Headbutt          |     5 |    13 ||    18
  Throw: Dart              |       |     2 ||     2
         Throwing net      |       |     1 ||     1
   Stab: Sleeping          |       |     4 ||     4
 Armour: Leather armour    |     9 |    28 ||    37
  Dodge: Dodged            |    20 |    84 ||   104
